| TOP OF THE 1ST |
|
Tri-City ValleyCats batting - Pitching for Connecticut Tigers : RHP Bror Wuopio
|
|
Pitching: RHP Bror Wuopio
|
|
|
Batting: RHB Patrick Pinault
|
0-0: Foul Ball, location: 2F 0-1: Foul Ball, location: 2F 0-2: Strikes out looking
|
|
Batting: LHB Jackson Trottier
|
0-0: Ground out 4-3 (Groundball, 4, EV 105.6 MPH)
|
|
Batting: RHB Andrew Pride
|
0-0: Called Strike 0-1: Foul Ball, location: 2F 0-2: Ball 1-2: Ball 2-2: Foul Ball, location: 2F 2-2: Strikes out swinging
|
| Top of the 1st over - 0 runs, 0 hits, 0 errors, 0 left on base; Tri-City 0 - Connecticut 0 |
| BOTTOM OF THE 1ST |
|
Connecticut Tigers batting - Pitching for Tri-City ValleyCats : LHP Manny Gonzales
|
|
Pitching: LHP Manny Gonzales
|
|
|
Batting: RHB Seth Fox
|
0-0: Swinging Strike 0-1: Ball 1-1: Foul Ball, location: 2F 1-2: Ground out 6-3 (Groundball, 6M, EV 90.6 MPH)
|
|
Batting: LHB Iestyn Peacock
|
0-0: Called Strike 0-1: Ground out 6-3 (Groundball, 6M, EV 84.4 MPH)
|
|
Batting: RHB Tony Nunez
|
0-0: Called Strike 0-1: Called Strike 0-2: Strikes out swinging
|
| Bottom of the 1st over - 0 runs, 0 hits, 0 errors, 0 left on base; Tri-City 0 - Connecticut 0 |
| TOP OF THE 2ND |
|
Tri-City ValleyCats batting - Pitching for Connecticut Tigers : RHP Bror Wuopio
|
|
Batting: RHB Drew Coleman
|
0-0: Ground out 4-3 (Groundball, 34, EV 100.0 MPH)
|
|
Batting: RHB Josh Broome
|
0-0: Foul Ball, location: 2F 0-1: Ball 1-1: Called Strike 1-2: Strikes out looking
|
|
Batting: SHB Benoît Morin
|
0-0: Ball 1-0: Called Strike 1-1: Foul Ball, location: 2F 1-2: Ball 2-2: Ball 3-2: Fly out, F7 (Flyball, 7, EV 90.0 MPH)
|
| Top of the 2nd over - 0 runs, 0 hits, 0 errors, 0 left on base; Tri-City 0 - Connecticut 0 |
| BOTTOM OF THE 2ND |
|
Connecticut Tigers batting - Pitching for Tri-City ValleyCats : LHP Manny Gonzales
|
|
Batting: SHB Ronnie Lundy
|
0-0: Foul Ball, location: 2F 0-1: Ball 1-1: Ground out U3 (Groundball, 13, EV 80.6 MPH)
|
|
Batting: LHB Jon Pedlar
|
0-0: Swinging Strike 0-1: Ball 1-1: Swinging Strike 1-2: Ball 2-2: Foul Ball, location: 2F 2-2: Ball 3-2: Foul Ball, location: 2F 3-2: Strikes out swinging
|
|
Batting: SHB Isaiah Bias
|
0-0: Ball 1-0: Ball 2-0: SINGLE (Flyball, 89S, EV 87.5 MPH)
|
|
Batting: RHB Brandon Everett
|
0-0: Fly out, F9 (Flyball, 89D, EV 99.4 MPH)
|
| Bottom of the 2nd over - 0 runs, 1 hit, 0 errors, 1 left on base; Tri-City 0 - Connecticut 0 |
| TOP OF THE 3RD |
|
Tri-City ValleyCats batting - Pitching for Connecticut Tigers : RHP Bror Wuopio
|
|
Batting: RHB Hugo Priego
|
0-0: Ball 1-0: Ball 2-0: Ball 3-0: Base on Balls
|
|
Batting: RHB John Moore
|
0-0: Foul Ball, location: 2F 0-1: Ball 1-1: SINGLE (Groundball, 6MD, EV 101.9 MPH) Hugo Priego to second
|
|
Batting: LHB Lu-po-teh Zhou
|
0-0: Ball 1-0: Ball 2-0: Ball 3-0: Base on Balls Hugo Priego to third John Moore to second
|
|
Batting: RHB Patrick Pinault
|
0-0: Ball 1-0: Ball 2-0: Fly out, F8 (Line Drive, 8RD, EV 90.0 MPH)
|
|
Batting: LHB Jackson Trottier
|
0-0: Ball 1-0: Ball 2-0: Called Strike 2-1: Swinging Strike 2-2: Ball 3-2: Base on Balls Hugo Priego scores John Moore to third Lu-po-teh Zhou to second
|
|
Batting: RHB Andrew Pride
|
0-0: Called Strike 0-1: Fly out, F7 (Flyball, 78D, EV 82.5 MPH) Runner from 3rd tags up, SCORES, throw by LF Lu-po-teh Zhou to third
|
|
Batting: RHB Drew Coleman
|
0-0: Ball 1-0: Ball 2-0: Ball 3-0: Called Strike 3-1: Fly out, F8 (Flyball, 8LXD, EV 100.6 MPH)
|
| Top of the 3rd over - 2 runs, 1 hit, 0 errors, 2 left on base; Tri-City 2 - Connecticut 0 |
| BOTTOM OF THE 3RD |
|
Connecticut Tigers batting - Pitching for Tri-City ValleyCats : LHP Manny Gonzales
|
|
Batting: LHB Ryan Adams
|
0-0: Ball 1-0: Called Strike 1-1: Foul Ball, location: 2F 1-2: SINGLE (Groundball, 4MS, EV 67.5 MPH) (infield hit)
|
|
Batting: LHB Zach Rose
|
0-0: Ball 1-0: Ball 2-0: Reached on error, E4 (Groundball, 4, EV 88.8 MPH) Ryan Adams to second
|
|
Batting: RHB Seth Fox
|
0-0: Called Strike 0-1: Foul Ball, location: 2F 0-2: Ball 1-2: Ball 2-2: Strikes out swinging
|
|
Batting: LHB Iestyn Peacock
|
0-0: Swinging Strike 0-1: Called Strike 0-2: Ball 1-2: Ball 2-2: Strikes out swinging
|
|
Batting: RHB Tony Nunez
|
0-0: Ball 1-0: Reached on error, E4 (Groundball, 34, EV 79.4 MPH) Ryan Adams to third Zach Rose to second
|
|
Batting: SHB Ronnie Lundy
|
0-0: Ball 1-0: Ball 2-0: Called Strike 2-1: Foul Ball, location: 2F 2-2: Foul Ball, location: 2F 2-2: Strikes out swinging
|
| Bottom of the 3rd over - 0 runs, 1 hit, 2 errors, 3 left on base; Tri-City 2 - Connecticut 0 |
| TOP OF THE 4TH |
|
Tri-City ValleyCats batting - Pitching for Connecticut Tigers : RHP Bror Wuopio
|
|
Batting: RHB Josh Broome
|
0-0: Ball 1-0: Called Strike 1-1: Ball 2-1: Foul Ball, location: 2F 2-2: Ball 3-2: Foul Ball, location: 2F 3-2: Base on Balls
|
|
Batting: SHB Benoît Morin
|
0-0: Ball 1-0: Swinging Strike 1-1: SINGLE (Flyball, 5D, EV 98.1 MPH) Josh Broome to second
|
|
Batting: RHB Hugo Priego
|
0-0: Ball 1-0: Ball 2-0: Ball 3-0: Called Strike 3-1: Base on Balls Josh Broome to third Benoît Morin to second
|
|
Batting: RHB John Moore
|
0-0: Ball 1-0: Ball 2-0: Ball 3-0: Called Strike 3-1: Base on Balls Josh Broome scores Benoît Morin to third Hugo Priego to second
|
|
Batting: LHB Lu-po-teh Zhou
|
0-0: Ball 1-0: Foul Ball, location: 2F 1-1: Ball 2-1: Swinging Strike 2-2: Ball 3-2: Strikes out looking
|
|
Batting: RHB Patrick Pinault
|
0-0: Called Strike 0-1: Swinging Strike 0-2: Ball 1-2: Ball 2-2: Strikes out swinging
|
|
Batting: LHB Jackson Trottier
|
0-0: Ball 1-0: Foul Ball, location: 2F 1-1: Foul Ball, location: 2F 1-2: Ball 2-2: Ball 3-2: Base on Balls Benoît Morin scores Hugo Priego to third John Moore to second
|
|
Pitching: RHP Sho Sekine
|
|
|
Batting: RHB Andrew Pride
|
0-0: Ball 1-0: Called Strike 1-1: Fly out, F9 (Flyball, 89M, EV 80.6 MPH)
|
| Top of the 4th over - 2 runs, 1 hit, 0 errors, 3 left on base; Tri-City 4 - Connecticut 0 |
| BOTTOM OF THE 4TH |
|
Connecticut Tigers batting - Pitching for Tri-City ValleyCats : LHP Manny Gonzales
|
|
Batting: LHB Jon Pedlar
|
0-0: Ball 1-0: Called Strike 1-1: Swinging Strike 1-2: Strikes out swinging
|
|
Batting: SHB Isaiah Bias
|
0-0: Ball 1-0: Swinging Strike 1-1: Ball 2-1: Ball 3-1: Called Strike 3-2: SINGLE (Groundball, 4, EV 96.2 MPH)
|
|
Batting: RHB Brandon Everett
|
0-0: Ball 1-0: Ball 2-0: Reached on error, E6 (Groundball, 6S, EV 71.9 MPH) Isaiah Bias to third
|
|
Batting: LHB Ryan Adams
|
0-0: Ball 1-0: SINGLE (Groundball, 5S, EV 65.6 MPH) (infield hit) Isaiah Bias scores Brandon Everett to third
|
|
Batting: LHB Zach Rose
|
0-0: Ball 1-0: Fly out, F8 (Flyball, 8LM, EV 94.4 MPH)
|
|
Batting: RHB Seth Fox
|
0-0: Foul Ball, location: 2F 0-1: Ball 1-1: Foul Ball, location: 2F 1-2: Foul Ball, location: 2F 1-2: Ball 2-2: DOUBLE (Line Drive, 78D, EV 102.5 MPH) Brandon Everett scores Ryan Adams to third
|
|
Batting: LHB Iestyn Peacock
|
0-0: Foul Ball, location: 2F 0-1: Ball 1-1: Foul Ball, location: 2F 1-2: Foul Ball, location: 2F 1-2: Strikes out swinging
|
| Bottom of the 4th over - 2 runs, 3 hits, 1 error, 2 left on base; Tri-City 4 - Connecticut 2 |
| TOP OF THE 5TH |
|
Tri-City ValleyCats batting - Pitching for Connecticut Tigers : RHP Sho Sekine
|
|
Batting: RHB Drew Coleman
|
0-0: Foul Ball, location: 2F 0-1: Swinging Strike 0-2: Ball 1-2: Strikes out swinging
|
|
Batting: RHB Josh Broome
|
0-0: Ball 1-0: Ball 2-0: Ball 3-0: Base on Balls
|
|
Batting: SHB Benoît Morin
|
0-0: Ball Josh Broome is caught stealing 2nd base 2-6 1-0: Foul Ball, location: 2F 1-1: Swinging Strike 1-2: Strikes out swinging
|
| Top of the 5th over - 0 runs, 0 hits, 0 errors, 0 left on base; Tri-City 4 - Connecticut 2 |
| BOTTOM OF THE 5TH |
|
Connecticut Tigers batting - Pitching for Tri-City ValleyCats : LHP Manny Gonzales
|
|
Pitching: LHP Kentaro Shimasaki
|
|
|
Batting: RHB Tony Nunez
|
0-0: Ball 1-0: Ball 2-0: Called Strike 2-1: Ground out 1-3 (Groundball, 34S, EV 68.1 MPH)
|
|
Batting: SHB Ronnie Lundy
|
0-0: Swinging Strike 0-1: Ball 1-1: Called Strike 1-2: Foul Ball, location: 2F 1-2: Strikes out swinging
|
|
Batting: LHB Jon Pedlar
|
0-0: Ball 1-0: Ground out 1-3 (Groundball, 13S, EV 63.1 MPH)
|
| Bottom of the 5th over - 0 runs, 0 hits, 0 errors, 0 left on base; Tri-City 4 - Connecticut 2 |
| TOP OF THE 6TH |
|
Tri-City ValleyCats batting - Pitching for Connecticut Tigers : RHP Sho Sekine
|
|
Batting: RHB Hugo Priego
|
0-0: Ball 1-0: Ball 2-0: Ball 3-0: Base on Balls
|
|
Batting: RHB John Moore
|
0-0: Fly out, F9 (Flyball, 9, EV 92.5 MPH)
|
|
Batting: LHB Lu-po-teh Zhou
|
Pickoff Throw to First - Out! 1-3 CS 0-0: Ball 1-0: Ground out 1-3 (Groundball, P, EV 60.0 MPH)
|
| Top of the 6th over - 0 runs, 0 hits, 0 errors, 0 left on base; Tri-City 4 - Connecticut 2 |
| BOTTOM OF THE 6TH |
|
Connecticut Tigers batting - Pitching for Tri-City ValleyCats : LHP Kentaro Shimasaki
|
|
Batting: SHB Isaiah Bias
|
0-0: Ball 1-0: Called Strike 1-1: Called Strike 1-2: Ball 2-2: Strikes out swinging
|
|
Batting: RHB Brandon Everett
|
0-0: Called Strike 0-1: Ball 1-1: Ball 2-1: Ball 3-1: Called Strike 3-2: Foul Ball, location: 2F 3-2: Foul Ball, location: 2F 3-2: Base on Balls
|
|
Batting: LHB Ryan Adams
|
0-0: Called Strike 0-1: Ball Wild Pitch! Brandon Everett to second 1-1: Foul Ball, location: 2F 1-2: Ball 2-2: Ball 3-2: Foul Ball, location: 2F 3-2: Base on Balls
|
|
Pinch Runner at 2nd Yaremka Rzhevsky:
|
|
|
Pinch Hitting: RHB Billy Verdusco
|
0-0: Grounds into double play, 6-4-3 (Groundball, 6, EV 85.6 MPH)
|
| Bottom of the 6th over - 0 runs, 0 hits, 0 errors, 1 left on base; Tri-City 4 - Connecticut 2 |
| TOP OF THE 7TH |
|
Tri-City ValleyCats batting - Pitching for Connecticut Tigers : RHP Sho Sekine
|
|
Now at 2B: Yaremka Rzhevsky
|
|
|
Now at 3B: Billy Verdusco
|
|
|
Batting: RHB Patrick Pinault
|
0-0: Foul Ball, location: 2F 0-1: Ball 1-1: Ground out 6-3 (Groundball, 6M, EV 85.6 MPH)
|
|
Batting: LHB Jackson Trottier
|
0-0: Ball 1-0: Called Strike 1-1: Ground out 5-3 (Groundball, 56S, EV 78.8 MPH)
|
|
Batting: RHB Andrew Pride
|
0-0: Ball 1-0: Swinging Strike 1-1: Ball 2-1: Swinging Strike 2-2: Foul Ball, location: 2F 2-2: Foul Ball, location: 2F 2-2: Ball 3-2: Foul Ball, location: 2F 3-2: Strikes out looking
|
| Top of the 7th over - 0 runs, 0 hits, 0 errors, 0 left on base; Tri-City 4 - Connecticut 2 |
| BOTTOM OF THE 7TH |
|
Connecticut Tigers batting - Pitching for Tri-City ValleyCats : LHP Kentaro Shimasaki
|
|
Pitching: RHP Tim Evans
|
|
|
Batting: RHB Seth Fox
|
0-0: Called Strike 0-1: SINGLE (Groundball, 6MS, EV 73.8 MPH) (infield hit)
|
|
Batting: LHB Iestyn Peacock
|
0-0: Ball 1-0: Bunt missed! 1-1: Bunted foul 1-2: Ball 2-2: Fly out, F4 (Popup, 4, EV 32.5 MPH)
|
|
Batting: RHB Tony Nunez
|
0-0: Called Strike 0-1: Called Strike 0-2: Ball Seth Fox steals 2nd base 1-2: DOUBLE (Line Drive, 9LM, EV 99.4 MPH) Seth Fox scores
|
|
Batting: SHB Ronnie Lundy
|
0-0: Ball 1-0: Swinging Strike 1-1: DOUBLE (Groundball, 5L, EV 113.8 MPH) Tony Nunez scores
|
|
Batting: LHB Jon Pedlar
|
0-0: Ground out 4-3 (Groundball, 4, EV 106.2 MPH) Ronnie Lundy to third
|
|
Batting: SHB Isaiah Bias
|
0-0: Called Strike 0-1: Ground out 4-3 (Groundball, 4, EV 86.2 MPH)
|
| Bottom of the 7th over - 2 runs, 3 hits, 0 errors, 1 left on base; Tri-City 4 - Connecticut 4 |
| TOP OF THE 8TH |
|
Tri-City ValleyCats batting - Pitching for Connecticut Tigers : RHP Sho Sekine
|
|
Batting: RHB Drew Coleman
|
0-0: Called Strike 0-1: Swinging Strike 0-2: Foul Ball, location: 2F 0-2: Ball 1-2: Foul Ball, location: 2F 1-2: Strikes out swinging
|
|
Batting: RHB Josh Broome
|
0-0: Ball 1-0: Foul Ball, location: 2F 1-1: Foul Ball, location: 2F 1-2: Strikes out looking
|
|
Pitching: RHP Rich Nunez
|
|
|
Batting: SHB Benoît Morin
|
0-0: Fly out, F8 (Line Drive, 8LM, EV 91.9 MPH)
|
| Top of the 8th over - 0 runs, 0 hits, 0 errors, 0 left on base; Tri-City 4 - Connecticut 4 |
| BOTTOM OF THE 8TH |
|
Connecticut Tigers batting - Pitching for Tri-City ValleyCats : RHP Tim Evans
|
|
Batting: RHB Yaremka Rzhevsky
|
0-0: Ball 1-0: Ball 2-0: Ball 3-0: Base on Balls
|
|
Batting: LHB Ryan Adams
|
0-0: Ball Yaremka Rzhevsky steals 2nd base 1-0: Ball 2-0: Ball 3-0: Base on Balls
|
|
Batting: RHB Billy Verdusco
|
0-0: Foul Ball, location: 2F 0-1: Ball 1-1: Swinging Strike 1-2: Strikes out swinging
|
|
Pinch Hitting: LHB Glen Boyle
|
0-0: Ball 1-0: Called Strike 1-1: Foul Ball, location: 2F 1-2: Foul Ball, location: 2F 1-2: Ball 2-2: Ball 3-2: Foul Ball, location: 2F 3-2: DOUBLE (Line Drive, 89M, EV 101.9 MPH) Yaremka Rzhevsky scores Ryan Adams to third Runner from 3rd tries for Home, throw by CF and OUT! 8-4-2 Glen Boyle to third
|
|
Pitching: RHP Jeremy Mash
|
|
|
Batting: LHB Iestyn Peacock
|
0-0: Ball 1-0: Called Strike 1-1: Called Strike 1-2: Ground out 1-3 (Groundball, 34S, EV 70.0 MPH)
|
| Bottom of the 8th over - 1 run, 1 hit, 0 errors, 1 left on base; Tri-City 4 - Connecticut 5 |
| TOP OF THE 9TH |
|
Tri-City ValleyCats batting - Pitching for Connecticut Tigers : RHP Rich Nunez
|
|
Pitching: LHP Victor Villarreal
|
|
|
Now in CF: Isao Fukui
|
|
|
Batting: RHB Hugo Priego
|
0-0: Ball 1-0: Called Strike 1-1: Called Strike 1-2: Ball 2-2: Foul Ball, location: 2F 2-2: Foul Ball, location: 2F 2-2: Strikes out swinging
|
|
Batting: RHB John Moore
|
0-0: Called Strike 0-1: Ball 1-1: Foul Ball, location: 2F 1-2: Ball 2-2: Ball 3-2: Strikes out swinging
|
|
Batting: LHB Lu-po-teh Zhou
|
0-0: Ball 1-0: Ground out 5-3 (Groundball, 5, EV 84.4 MPH)
|
| Top of the 9th over - 0 runs, 0 hits, 0 errors, 0 left on base; Tri-City 4 - Connecticut 5 |
|